 Dungeon Crawl Stone Soup version 0.29.0-7-g18a832c13a (webtiles) character file.

Game seed: 8008999558029266559

1246 flotson the Trooper (level 8, -5/61 HPs)
             Began as a Demonspawn Delver on Aug 31, 2022.
             Was an Initiate of Gozag.
             Killed from afar by a deep elf zephyrmancer (35 damage)
             ... with a bolt of lightning
             ... on level 6 of the Dungeon.
             The game lasted 00:12:33 (6851 turns).

flotson the Trooper (Demonspawn Delver)             Turns: 6851, Time: 00:12:33

Health: -5/61      AC:  8    Str: 16    XL:     8   Next: 25%
Magic:  8/8        EV: 11    Int: 11    God:    Gozag
Gold:   422        SH:  9    Dex: 14    Spells: 7/7 levels left

rFire   . . .      SeeInvis .   a - -1 demon trident
rCold   . . .      Faith    .   C - +0 buckler
rNeg    . . .      Spirit   .   J - +0 ring mail
rPois   +          Reflect  .   (helmet restricted)
rElec   .          Harm     .   E - +2 cloak {Stlth+}
rCorr   +          Rampage  .   (no gloves)
Will    .....                   (no boots)
Stlth   +++.......              k - amulet of regeneration
HPRegen 1.00/turn               d - ring of resist corrosion
MPRegen 0.11/turn               q - ring of poison resistance

@: no status effects
A: horns 2, large bone plates 2
a: Renounce Religion, Potion Petition, Call Merchant, Bribe Branch


You were on level 6 of the Dungeon.
You worshipped Gozag.
Gozag was aware of your devotion.
You visited 2 branches of the dungeon, and saw 7 of its levels.

You collected 610 gold pieces.
You spent 101 gold pieces at shops.
You paid 87 gold pieces to Gozag.

Inventory:

Hand Weapons
 a - a -1 demon trident (weapon)
 b - a -1 hand crossbow
Missiles
 l - 6 poisoned darts (quivered)
Armour
 C - a +0 buckler (worn)
 E - a +2 cloak of stealth (worn)
 J - a +0 ring mail (worn)
Jewellery
 d - a ring of resist corrosion (left hand)
 j - a ring of see invisible
 k - an amulet of regeneration (around neck)
 q - a ring of poison resistance (right hand)
Wands
 g - a wand of digging (2)
 x - a wand of paralysis (9)
 F - a wand of polymorph (2)
 I - a wand of mindburst (4)
Scrolls
 c - 3 scrolls of fog
 h - 2 scrolls of blinking {unknown}
 m - 2 scrolls of magic mapping
 o - a scroll of teleportation {unknown}
 p - a scroll of fear
 r - 3 scrolls of acquirement {unknown}
 s - 5 scrolls of identify {unknown}
 t - 2 scrolls of noise {unknown}
 u - a scroll of vulnerability {unknown}
 y - 2 scrolls of amnesia {unknown}
 A - 3 scrolls of enchant armour {unknown}
 B - a scroll of poison {unknown}
 D - a scroll of torment {unknown}
 H - a scroll of summoning {unknown}
Potions
 e - a potion of lignification {unknown}
 f - a potion of haste
 i - 2 potions of attraction {unknown}
 n - 2 potions of heal wounds {unknown}
 v - a potion of flight {unknown}
 w - 3 potions of might {unknown}
 z - 2 potions of curing
 G - a potion of berserk rage {unknown}


   Skills:
 + Level 4.8 Fighting
 - Level 2.6(3.1) Axes
 + Level 2.3(3.0) Polearms
 + Level 2.8 Ranged Weapons
 + Level 3.1 Throwing
 + Level 3.2 Armour
 + Level 3.9 Dodging
 - Level 4.5 Stealth
 + Level 0.6 Shields
 + Level 3.4 Evocations


You had 7 spell levels left.
You didn't know any spells.
Your spell library contained the following spells:

 Spells                   Type           Power      Damage    Failure   Level
 Slow                     Hex            0%         N/A       65%         1
 Ensorcelled Hibernation  Hex/Ice        0%         N/A       80%         2
 Confusing Touch          Hex            0%         N/A       95%         3
 Spider Form              Tmut/Pois      0%         N/A       95%         3
 Vampiric Draining        Necr           0%         2d6       95%         3
 Anguish                  Hex/Necr       0%         N/A       100%        4


Dungeon Overview and Level Annotations

Branches:
Dungeon (6/15)             Temple (1/1) D:4

Altars:
Ashenzari
Cheibriados
Dithmenos
Fedhas
Gozag
Hepliaklqana
Kikubaaqudgha
Makhleb
Nemelex Xobeh
Okawaru
Qazlal
Ru
Sif Muna
Trog
Uskayaw
Vehumet
Xom
Yredelemnul

Shops:
D:4 *


Innate Abilities, Weirdness & Mutations

You have a pair of horns on your head.
You are mostly covered in large bone plates. (SH +6)


Message History

The deep elf zephyrmancer is moderately wounded.
You hit the deep elf zephyrmancer.
The deep elf zephyrmancer is moderately wounded.
The deep elf zephyrmancer hits you but does no damage.
You barely miss the deep elf zephyrmancer.
The deep elf zephyrmancer is moderately wounded.
The deep elf zephyrmancer hits you with a +0 short sword.
You puncture the deep elf zephyrmancer!
The deep elf zephyrmancer is heavily wounded.
The deep elf zephyrmancer hits you but does no damage. x2
You completely miss the deep elf zephyrmancer.
Your headbutt misses the deep elf zephyrmancer.
The deep elf zephyrmancer is heavily wounded.
The deep elf zephyrmancer hits you but does no damage.
You closely miss the deep elf zephyrmancer.
Your headbutt misses the deep elf zephyrmancer.
The deep elf zephyrmancer is heavily wounded.
The deep elf zephyrmancer hits you with a +0 short sword.
You closely miss the deep elf zephyrmancer.
The deep elf zephyrmancer is heavily wounded.
The deep elf zephyrmancer hits you with a +0 short sword.
You closely miss the deep elf zephyrmancer.
The deep elf zephyrmancer is heavily wounded.
The deep elf zephyrmancer closely misses you.
You block the deep elf zephyrmancer's attack.
You puncture the deep elf zephyrmancer!
Your headbutt misses the deep elf zephyrmancer.
The deep elf zephyrmancer is severely wounded.
The deep elf zephyrmancer points at you and mumbles some strange words.
The bolt of lightning hits you!!
You are too injured to fight recklessly!
Aiming: Mindburst
Press: ? - help, Shift-Dir - straight line, f/p - deep elf zephyrmancer
Aim: a deep elf zephyrmancer, wielding a +0 short sword (severely wounded, chance to affect: 62%)
The deep elf zephyrmancer resists with significant effort.
The deep elf zephyrmancer casts a spell at you.
The bolt of lightning hits you!!
Ouch! That really hurt!
You die...
Your body crumbles into a pile of gold.

#..............# #.#
#..###########.# #.#
#..# ..[.....####.#
##..# .............#
#...#+++######8.####.#
#...#$..+............###
#...#...+...............
##..#[e(+........##..###
#..#''@######8..##..###
#..#...................
#..#............##.....
#..###########..##.####
#...............##.#
#.#.........##..##.#
#.############..##.###
#.#### #..##...## #....#
#.[.......


You could see a deep elf zephyrmancer.

Vanquished Creatures
  A water moccasin (D:6)
  An orc warrior (D:6)
  2 black bears
  A phantom (D:5)
  A bullfrog (D:6)
  A scorpion (D:4)
  A howler monkey (D:6)
  A jelly (D:4)
  A hound (D:5)
  3 orc priests
  Crazy Yiuf (D:2)
  3 iguanas
  6 orc wizards
  Ijyb (D:1)
  6 gnolls
  3 adders
  A white imp (D:6)
  3 worms
  4 dart slugs
  11 orcs
  9 endoplasms
  3 giant cockroaches
  12 goblins
  3 hobgoblins
  3 jackals (D:3)
  3 quokkas
  5 ball pythons
  8 bats
  11 frilled lizards
  4 kobolds
  A rat (D:1)
114 creatures vanquished.

Notes
Turn   | Place    | Note
-------+----------+-------------------------------------------
     0 | D:5      | flotson the Demonspawn Delver began the quest for the Orb.
     0 | D:5      | Reached XP level 1. HP: 18/18 MP: 1/1
    14 | D:5      | Noticed an orc wizard
   107 | D:5      | Noticed an iguana
   175 | D:5      | Noticed an orc wizard
   209 | D:4      | Noticed a scorpion
   603 | D:1      | Gained mutation: You have a pair of small horns on your
                  | head. [demonic ancestry]
   603 | D:1      | Reached XP level 2. HP: 24/24 MP: 2/2
  1007 | D:1      | Reached XP level 3. HP: 29/29 MP: 3/3
  1463 | D:2      | Noticed Ijyb
  1474 | D:2      | Reached skill level 1 in Evocations
  1484 | D:2      | Reached skill level 1 in Armour
  1833 | D:2      | Found a runed translucent door.
  1834 | D:2      | Noticed Crazy Yiuf
  2146 | D:2      | Found a faded altar of an unknown god.
  2663 | D:3      | Reached skill level 1 in Throwing
  2663 | D:3      | Gained mutation: You are partially covered in large bone
                  | plates. (SH +4) [demonic ancestry]
  2663 | D:3      | Reached XP level 4. HP: 29/35 MP: 4/4
  3198 | D:4      | Found Raping's Lightly-Used Armoury.
  3211 | D:4      | Bought a -1 demon trident for 100 gold pieces
  3211 | D:4      | Bought a -1 hand crossbow for 1 gold piece
  3243 | D:4      | Found a staircase to the Ecumenical Temple.
  3252 | Temple   | Entered the Ecumenical Temple
  3278 | Temple   | Became a worshipper of Gozag Ym Sagoz the Greedy
  3524 | D:4      | Reached XP level 5. HP: 31/41 MP: 5/5
  3709 | D:4      | Reached skill level 1 in Ranged Weapons
  3973 | D:4      | Reached XP level 6. HP: 48/48 MP: 6/6
  4429 | D:2      | Killed Crazy Yiuf
  4580 | D:1      | Killed Ijyb
  5427 | D:5      | Reached skill level 1 in Polearms
  5529 | D:5      | Found a broken altar of Ashenzari.
  5533 | D:5      | Gained mutation: You have a pair of horns on your head.
                  | [demonic ancestry]
  5533 | D:5      | Reached XP level 7. HP: 54/54 MP: 7/7
  5535 | D:5      | Found a radiant altar of Vehumet.
  6140 | D:6      | Gained mutation: You are mostly covered in large bone
                  | plates. (SH +6) [demonic ancestry]
  6140 | D:6      | Reached XP level 8. HP: 41/61 MP: 8/8
  6384 | D:6      | Found a shimmering blue altar of Sif Muna.
  6840 | D:6      | Noticed a deep elf zephyrmancer
  6851 | D:6      | Killed from afar by a deep elf zephyrmancer

Illustrated notes

Levels and vault maps discovered:
D:1:      amcnicky_arrival_choice, layout_loops_corners
D:2:      kennysheep_the_goblin_king, layout_basic,
          nicolae_ecumenical_oubliette, minmay_lizard_pond,
          uniq_crazy_yiuf_cottage
D:3:      layout_loops_ring, cheibrodos_sewer_entry_bend, hex_large,
          nrook_mini_backslash, st_stairs_13
D:4:      layout_layer_cave, mainiacjoe_overflow_alcove_4,
          minmay_temple_entry_statues_pillars, minmay_shop_damaged,
          hangedman_decor_peaks_small
D:5:      layout_basic, jmf_multi_god_temple
D:6:      layout_loops_ring, nicolae_sif_muna_condensation,
          guppyfry_early_elven_hall
Temple:   regret_index_temple_sphere_string

Skill      XL: |  1  2  3  4  5  6  7  8 |
---------------+-------------------------+-----
Axes           | 2 |  2.6
Dodging        | 2 3 |  3.9
Evocations     | 1 2 3 |  3.4
Armour         | 1 2 3 |  3.2
Throwing       | 1 2 3 |  3.1
Ranged Weapons | 1 2 |  2.8
Fighting       | 4 |  4.8
Polearms       | 1 2 |  2.3
Stealth        | |  4.5
Shields        | |  0.6

Action                   |  1- 3 |  4- 6 |  7- 9 || total
-------------------------+-------+-------+-------++-------
Melee: Hand axe          |   144 |    21 |       ||   165
       Headbutt          |    23 |    12 |    18 ||    53
       Unarmed           |     7 |    17 |       ||    24
       Demon trident     |       |    61 |    84 ||   145
       Quarterstaff      |       |    23 |    52 ||    75
 Fire: Hand crossbow     |       |    11 |       ||    11
Throw: Dart              |     6 |    13 |       ||    19
Evoke: Wand              |     1 |       |     2 ||     3
  Use: Scroll            |     2 |       |       ||     2
 Stab: Sleeping          |     9 |       |     3 ||    12
       Distracted        |       |     1 |     2 ||     3
       Confused          |       |     1 |       ||     1
       Paralysed         |       |       |     1 ||     1
Armor: Leather armour    |    25 |       |       ||    25
       Plate armour      |    13 |    55 |    12 ||    80
       Skin              |       |     5 |       ||     5
       Ring mail         |       |       |    47 ||    47
Dodge: Dodged            |    72 |    38 |    38 ||   148
Block: Other             |       |    12 |     9 ||    21
       Buckler           |       |       |    18 ||    18
